 Dungeon Crawl Stone Soup version 0.20.0-15-g7f486f2 (webtiles) character file.

273562 Chiseanne the Tortoise (level 19, -6/148 HPs)
             Began as a Demonspawn Wanderer on June 25, 2017.
             Was an Initiate of Gozag.
             Hit by a large rock thrown by a stone giant (15 damage)
             ... on level 4 of the Depths on June 26, 2017.
             The game lasted 02:26:52 (47557 turns).

Chiseanne the Tortoise (Demonspawn Wanderer)       Turns: 47557, Time: 02:26:52

Health: -6/148     AC: 35    Str: 17    XL:     19   Next: 50%
Magic:  0/27       EV: 24    Int: 18    God:    Gozag
Gold:   814        SH: 19    Dex: 29    Spells: 18/18 levels left

rFire    + + +     SeeInvis +   a - +8 scimitar (flame)
rCold    + . .     Gourm    .   E - +0 shield of the Final Spreadsheets {Dex+4 SInv Stlth+}
rNeg     + . .     Faith    .   d - +4 storm dragon scales of Untruth {rElec rF+}
rPois    +         Spirit   +   (helmet unavailable)
rElec    +         Reflect  +   f - +2 cloak of the Eight Runes {rC+ Int+2 Stlth+}
rCorr    .         Harm     .   C - +2 pair of gloves {Dex+3}
MR       ++...                  g - +1 pair of boots {Fly}
Stlth    ++........             P - +3 amulet of reflection
Regen    0.4/turn               B - ring of Nufam {rF+ Str+3 Stlth-}
MPRegen  0.4/turn               b - ring of the Invisible Beggars {rElec rN+ MR+}

@: agile, gold aura, flying
A: horns 3, slimy green scales 3, fire resistance 1, powered by pain 2, magic
shield, magic regeneration, magic link
}: 2/15 runes: decaying, gossamer
a: Potion Petition, Call Merchant, Bribe Branch, Renounce Religion, Stop Flying


You were on level 4 of the Depths.
You worshipped Gozag.
Gozag was pleased with you.
You were full.

You visited 6 branches of the dungeon, and saw 35 of its levels.
You also visited: Labyrinth, Ossuary and Ice Cave.

You collected 14426 gold pieces.
You spent 5739 gold pieces at shops.
You paid 7873 gold pieces to Gozag.

Inventory:

Hand Weapons
 a - a +8 scimitar of flaming (weapon)
 m - a +0 antimagic broad axe
 o - a +0 blowgun
 s - a +2 scimitar of freezing
 w - a +6 hand crossbow
Missiles
 i - 8 tomahawks of dispersal
 k - 5 curare-tipped needles
 y - 588 bolts
 A - 6 throwing nets (quivered) {!*}
Armour
 d - the +4 storm dragon scales of Untruth (worn) {rElec rF+}
   (You bought it in a shop on level 15 of the Dungeon)

   It protects you from fire.
   It insulates you from electricity.
 f - the +2 cloak of the Eight Runes (worn) {rC+ Int+2 Stlth+}
   (You bought it in a shop on level 15 of the Dungeon)

   It affects your intelligence (+2).
   It protects you from cold.
   It makes you more stealthy.
 g - a +1 pair of boots of flying (worn)
 C - a +2 pair of gloves of dexterity (worn)
 E - the +0 shield of the Final Spreadsheets (worn) {Dex+4 SInv Stlth+}
   (You bought it in a shop on level 5 of the Dungeon)

   It affects your dexterity (+4).
   It lets you see invisible.
   It makes you more stealthy.
Jewellery
 b - the ring of the Invisible Beggars (right hand) {rElec rN+ MR+}
   (You bought it in a shop on level 8 of the Dungeon)

   [ring of protection from magic]

   It insulates you from electricity.
   It protects you from negative energy.
   It affects your resistance to hostile enchantments.
 B - the ring of Nufam (left hand) {rF+ Str+3 Stlth-}
   (You bought it in a shop on level 8 of the Dungeon)

   [ring of loudness]

   It affects your strength (+3).
   It protects you from fire.
   It makes you less stealthy.
 P - a +3 amulet of reflection (around neck)
Wands
 c - a wand of paralysis (6/24)
 j - a wand of paralysis (19/24)
 p - a wand of confusion (12/48)
 q - a wand of acid (6/15)
 z - a wand of confusion (18/48)
 J - a wand of paralysis (8/24)
 S - a wand of confusion (31/48)
 T - a wand of digging (14/24)
 V - a wand of confusion (18/48)
 X - a wand of confusion (31/48)
 Y - a wand of clouds (4/9)
Scrolls
 r - 5 scrolls of identify
 x - 6 scrolls of immolation
 D - 2 scrolls of teleportation
 N - 2 scrolls of fog
 Q - a scroll of fear
 W - 13 scrolls of remove curse
 Z - 6 scrolls of magic mapping
Potions
 l - a potion of magic
 n - a potion of flight
 u - 2 potions of cancellation
 G - 2 potions of resistance
 H - 6 potions of curing
Books
 t - a book of Callings

   Spells                             Type                      Level
   a - Summon Small Mammal            Summoning                    1
   b - Call Imp                       Summoning                    2
   c - Call Canine Familiar           Summoning                    3
   d - Summon Guardian Golem          Hexes/Summoning              3
   e - Summon Lightning Spire         Summoning/Air                4
   f - Summon Ice Beast               Ice/Summoning                4
Miscellaneous
 h - a fan of gales
 I - a phial of floods (inert)
Comestibles
 v - 11 meat rations


   Skills:
 * Level 12.8 Fighting
 - Level 10.2 Long Blades
   Level 1.7 Maces & Flails
 * Level 16.7 Armour
 * Level 13.9 Dodging
 - Level 2.6 Stealth
 * Level 16.4 Shields
 - Level 11.2 Evocations


You had 18 spell levels left.
You didn't know any spells.

Dungeon Overview and Level Annotations

Branches:
Dungeon (15/15)            Temple (0/1) D:7            Lair (6/6) D:11
  Swamp (4/4) Lair:2       Spider (4/4) Lair:4        Slime (0/5) Lair:5
    Orc (2/2) D:11         Vaults (0/5) D:13         Depths (4/5) D:15
    Elf: Orc:2

Altars:
Fedhas
Gozag
Kikubaaqudgha
Okawaru
Uskayaw
Yredelemnul
Zin
Jiyva

Shops:
D:5 [   D:8 =:   D:13 =[   D:15 [[([*[   Depths:3 [

Portals:
Hell: Depths:1 Depths:2

Annotations:
Swamp:2 exclusion: upstairs
Orc:2 exclusion: 2 upstairs


Innate Abilities, Weirdness & Mutations

You have a pair of large horns on your head.
You are completely covered in slimy green scales. (AC +4, rPois)
Your flesh is heat resistant. (rF+)
You sometimes gain power by taking damage.
When hurt, damage is shared between your health and your magic reserves.
You regenerate magic rapidly.
When low on magic, you restore magic in place of health.


Message History

You block the air elemental's attack.
The spriggan air mage waves its arms in wide circles.
The air twists around and violently strikes you in flight!
* * * LOW HITPOINT WARNING * * *
You block the air elemental's attack.
The air elemental hits you but does no damage.
You block the air elemental's attack.
You block the spriggan berserker's attack.
Your surroundings suddenly seem different.
A lich comes into view.
The lich shouts!
The red ugly thing gurgles horribly!
The red very ugly thing gurgles horribly!
The frost giant shouts!
The red very ugly thing gurgles horribly!
The deep troll earth mage shouts!
The red very ugly thing is distracted by the nearby gold.
You block the red ugly thing's attack.
The stone giant throws a large rock.
The large rock hits you!!
You die...
Your body crumbles into a pile of gold.

#############
#.......<...#
#....(......#
#......C....#
#...........+
#....2......#
#...Lu2C.2..#
#....u.uuL..#
#...X2.@....#
#.....e...LO#
#.......TC..#
#...........#
#...........#
............'.
............##.
$ ###.......###


You could see a tentacled monstrosity, a frost giant, 2 very ugly things, a fire
giant, a stone giant, 3 liches, a balrug, 2 ugly things, a blizzard demon, an
ogre mage, a shadow demon, a deep elf high priest, a deep troll earth mage and a
tormentor.

Vanquished Creatures
  the Lernaean hydra (Swamp:4)
  Nikola (Swamp:2)
  Jory (Depths:4)
  Arachne (Spider:2)
  Jorgrun (Swamp:1)
  An Ice Fiend (IceCv)
  A lich (Depths:2)
  Asterion (Depths:1)
  8 thorn hunters
  Gastronok (D:8)
  A fire giant (Depths:1)
  A frost giant (Depths:2)
  3 ghost moths
  Aizul (Swamp:1)
  3 emperor scorpions (Spider:4)
  Louise (Swamp:2)
  5 stone giants
  The ghost of Elizilla the Basher, a journeyman TrMo of Qazlal (D:12)
  3 entropy weavers
  5 very ugly things
  Nessos (Lair:6)
  4 dire elephants (Lair:6)
  A spark wasp (Spider:4)
  A minotaur (Lab)
  3 ettins (Depths:1)
  A fire dragon (Depths:2)
  2 yaktaur captains
  A rakshasa (Depths:2)
  Fannar (Lair:1)
  A vault guard (D:13)
  Erolcha (D:11)
  An ice dragon (Depths:1)
  Harold (D:11)
  24 hydras
  An anaconda (Lair:6)
  4 centaur warriors
  2 spriggan air magi
  3 alligators
  A catoblepas (Lair:5)
  2 deep troll shamans (Depths:3)
  A death knight (D:11)
  Erica (D:8)
  11 two-headed ogres
  8 death scarabs (Spider:4)
  2 spriggan berserkers
  3 ogre magi
  2 tengu warriors (Depths:2)
  7 death yaks
  Sonja (D:11)
  7 skeletal warriors
  A spectral emperor scorpion (Spider:4)
  An unseen horror (D:15)
  A spriggan druid (Swamp:3)
  A deep troll (Depths:3)
  14 swamp dragons
  4 wizards
  2 flayed ghosts
  An orange crystal statue (D:9)
  5 shambling mangroves
  Pikel (D:8)
  A phantasmal warrior (D:11)
  A glowing orange brain (Depths:2)
  A deep elf mage (D:15)
  3 spectral wolf spiders (Spider:4)
  A necromancer (Depths:1)
  20 orb spiders
  2 orc knights
  32 ugly things
  The ghost of cba the Nimble, a novice FeBe of Trog (D:9)
  4 oklob plants (Lair:4)
  28 wolf spiders
  A cyclops (D:15)
  2 moths of wrath (Spider:4)
  3 manticores
  8 elephants
  4 black mambas
  4 centaur zombies
  3 molten gargoyles (Depths:2)
  3 ice statues
  8 gargoyles
  3 torpor snails
  15 spiny frogs
  4 kobold demonologists
  5 spectral swamp worms (Depths:2)
  5 spectral redbacks (Spider:4)
  14 yaktaurs
  5 rime drakes
  2 anaconda simulacra (IceCv)
  17 demonic crawlers
  An efreet (D:14)
  4 freezing wraiths (IceCv)
  9 komodo dragons
  6 ice devils (IceCv)
  2 tengu conjurers (D:15)
  2 queen bees (shapeshifter)
  9 trolls
  A tyrant leech (Swamp:4)
  3 spectral jumping spiders (Spider:4)
  39 jumping spiders
  3 tarantella zombies (Spider:4)
  18 hornets
  3 wind drakes (Depths:2)
  12 dream sheep
  3 bog bodies
  A harpy skeleton (D:15)
  6 meliai
  A spectral tarantella (Spider:4)
  19 slime creatures
  Prince Ribbit (D:7)
  8 blink frogs
  A meliai zombie (D:14)
  11 hippogriffs
  35 tarantellas
  69 redbacks
  7 spriggans
  7 water elementals
  3 air elementals (Depths:2)
  A vampire (D:13)
  A wraith (D:11)
  40 yaks
  A basilisk (shapeshifter) (Depths:2)
  6 wyverns
  3 fire elementals (Depths:2)
  15 basilisks
  A death yak simulacrum (IceCv)
  4 dire elephant simulacra (IceCv)
  2 hungry ghosts
  Menkaure (D:5)
  2 harpy simulacra (IceCv)
  16 vampire mosquitoes
  4 wargs
  12 insubstantial wisps
  4 iron troll simulacra (IceCv)
  2 acid dragons
  13 swamp worms
  10 water moccasins
  6 hydra simulacra (IceCv)
  9 porcupines
  14 orc warriors
  2 phantoms
  9 swamp drakes
  A black bear (D:11)
  A sky beast (D:15)
  16 ogres
  4 ice beasts
  A slave (D:8)
  An ettin simulacrum (IceCv)
  8 boggarts
  4 hornet zombies (Spider:4)
  A necrophage (D:8)
  7 centaurs
  15 wolves
  8 crocodiles
  2 big kobolds
  An elf zombie (Ossuary)
  2 wyvern zombies
  19 bullfrogs
  6 earth elementals (Depths:2)
  A hornet simulacrum (D:13)
  3 scorpions
  A wyvern skeleton (D:13)
  14 killer bees
  23 wights
  6 howler monkeys
  7 electric eels
  5 crimson imps
  3 draconian simulacra (IceCv)
  3 human zombies (Ossuary)
  3 bullfrog zombies
  26 orc wizards
  3 bullfrog skeletons
  14 orc priests
  A gnoll shaman (D:5)
  10 hounds
  3 jellies
  2 centaur skeletons
  Crazy Yiuf (D:2)
  2 spriggan simulacra (IceCv)
  10 worker ants
  An iguana (D:14)
  5 troll simulacra (IceCv)
  A wolf simulacrum (IceCv)
  A big kobold zombie (Ossuary)
  2 killer bee zombies
  2 centaur simulacra (IceCv)
  The ghost of koelner the Stinger, a weakling DsVM (D:4)
  3 hound zombies
  2 mummies (Ossuary)
  4 gnolls (D:5)
  A howler monkey skeleton (D:10)
  8 adders
  3 ogre simulacra (IceCv)
  2 naga simulacra (IceCv)
  3 white imps (IceCv)
  6 ufetubi (IceCv)
  An adder skeleton (D:4)
  2 adder zombies
  2 worms
  4 dart slugs
  10 leopard geckos
  78 orcs
  A ball python (D:1)
  3 giant cockroaches
  3 goblins
  6 hobgoblins
  2 jackals (D:10)
  17 kobolds
  3 quokkas
  8 bats
  12 frilled lizards
  10 hobgoblin zombies (Ossuary)
  3 jackal zombies
  12 kobold zombies (Ossuary)
  7 orc zombies (Ossuary)
  A quokka skeleton (D:4)
  6 rats
  7 briar patches (Swamp:4)
  3 fire vortices (Depths:2)
  A fungus (Lair:6)
  3 plants
1321 creatures vanquished.

Vanquished Creatures (others)
  A fire dragon (Depths:1)
  A centaur warrior (Depths:1)
  An orb spider (Spider:3)
  2 wolf spiders (Spider:4)
  An ugly thing (Swamp:3)
  A cyclops (D:13)
  5 yaktaurs (Depths:2)
  4 slime creatures (Depths:2)
  2 vampire mosquitoes (Swamp:2)
  A porcupine (Lair:5)
  2 slaves (D:8)
  A boggart (Depths:2)
  A centaur (D:10)
  An orc priest (D:11)
  3 briar patches (Depths:2)
  8 fungi
  24 plants
59 creatures vanquished.

Grand Total: 1380 creatures vanquished

Notes
Turn   | Place    | Note
-------+----------+-------------------------------------------
     0 | D:1      | Chiseanne the Demonspawn Wanderer began the quest for the Orb.
     0 | D:1      | Chiseanne set off with: a +2 scale mail, a potion of lignification, a +0 mace, a +0 dagger, a bread ration
     0 | D:1      | Reached XP level 1. HP: 16/16 MP: 1/1
   249 | D:1      | Gained mutation: You have a pair of small horns on your head. [demonic ancestry]
   249 | D:1      | Reached XP level 2. HP: 22/22 MP: 2/2
   668 | D:1      | Gained mutation: You sometimes gain a little power by taking damage. [demonic ancestry]
   668 | D:1      | Reached XP level 3. HP: 28/28 MP: 3/3
  1113 | D:2      | Found a basalt altar of Yredelemnul.
  1626 | D:2      | Found a runed door.
  1632 | D:2      | Noticed Crazy Yiuf
  1640 | D:2      | Killed Crazy Yiuf
  1640 | D:2      | Reached XP level 4. HP: 13/34 MP: 4/4
  2346 | D:3      | Found an opulent altar of Gozag.
  2682 | D:3      | Reached XP level 5. HP: 35/41 MP: 5/5
  2712 | D:3      | Became a worshipper of Gozag Ym Sagoz the Greedy
  3323 | D:3      | Found a glowing silver altar of Zin.
  3461 | D:4      | Noticed a centaur
  3466 | D:4      | Noticed koelner's ghost (weakling DsVM)
  3478 | D:3      | Killed a centaur
  3478 | D:3      | Gained mutation: When hurt, damage is shared between your health and your magic reserves. [demonic ancestry]
  3478 | D:3      | Reached XP level 6. HP: 12/48 MP: 6/6
  4003 | D:4      | Killed koelner's ghost
  4058 | D:4      | Got a crude robe
  4069 | D:4      | Identified the +1 robe of Darkness {rC+ MR+ Str+2 Slay-4} (You found it on level 4 of the Dungeon)
  4273 | D:5      | Entered Level 5 of the Dungeon
  4493 | D:5      | Noticed Menkaure
  4504 | D:5      | Killed Menkaure
  4504 | D:5      | Gained mutation: You regenerate magic rapidly. [demonic ancestry]
  4504 | D:5      | Reached XP level 7. HP: 55/55 MP: 7/7
  4521 | D:5      | Found Gulailaa's Antique Armour Boutique.
  4807 | D:5      | Bought a heavily runed shield for 152 gold pieces
  4807 | D:5      | Bought a pair of runed boots for 120 gold pieces
  4827 | D:5      | Identified the +0 shield of the Final Spreadsheets {Dex+4 SInv Stlth+} (You bought it in a shop on level 5 of the Dungeon)
  5111 | D:5      | Reached skill level 5 in Fighting
  5314 | D:6      | Found a hide-covered altar of Uskayaw.
  5326 | D:6      | Noticed a hand axe
  5326 | D:6      | Noticed a dagger
  5424 | D:6      | Got a dazzling helmet
  5441 | D:6      | Reached skill level 1 in Shields
  5712 | D:5      | Bought a shiny scale mail for 112 gold pieces
  6081 | D:7      | Gained mutation: You have a pair of horns on your head. [demonic ancestry]
  6081 | D:7      | Reached XP level 8. HP: 62/62 MP: 8/8
  6105 | D:7      | Reached skill level 5 in Dodging
  6132 | D:7      | Reached skill level 5 in Armour
  6433 | D:7      | Found a staircase to the Ecumenical Temple.
  6486 | D:7      | Found a sand-covered staircase.
  6490 | Ossuary  | Entered an ossuary
  7144 | D:7      | Gained mutation: You are partially covered in slimy green scales. (AC +2) [demonic ancestry]
  7144 | D:7      | Reached XP level 9. HP: 61/71 MP: 9/9
  7270 | D:7      | Noticed Prince Ribbit
  7288 | D:7      | Killed Prince Ribbit
  7635 | D:8      | Noticed Pikel
  7666 | D:8      | Killed Pikel
  7857 | D:8      | Found Sappaud's Book Shop.
  7880 | D:8      | Reached skill level 5 in Shields
  7935 | D:8      | Noticed a two-headed ogre
  7961 | D:8      | Killed a two-headed ogre
  7961 | D:8      | Reached XP level 10. HP: 15/80 MP: 3/10
  8274 | D:8      | Bought a cursed -2 ring of evasion for 28 gold pieces
  8274 | D:8      | Bought a cursed ring of loudness for 63 gold pieces
  8466 | D:8      | Noticed a cyan ugly thing
  8502 | D:8      | Killed a cyan ugly thing
  8863 | D:8      | Noticed Erica
  8872 | D:8      | Noticed Gastronok
  9154 | D:8      | Killed Gastronok
  9221 | D:8      | Killed Erica
  9357 | D:9      | Noticed an orange crystal statue
  9411 | D:9      | Noticed cba's ghost (novice FeBe)
  9438 | D:9      | Noticed a two-headed ogre
  9462 | D:9      | Killed an orange crystal statue
  9468 | D:9      | HP: 2/83 [cba's ghost (19)]
  9470 | D:9      | Gained mutation: You have a pair of large horns on your head. [demonic ancestry]
  9470 | D:9      | Reached XP level 11. HP: 12/89 MP: 0/11
  9473 | D:9      | Got a transparent great sword
  9475 | D:9      | Noticed a two-headed ogre
  9800 | D:8      | Bought the ring of Nufam {rF+ Str+3 Stlth-} for 389 gold pieces
  9833 | D:9      | Found an ancient bone altar of Kikubaaqudgha.
 10163 | D:9      | Killed cba's ghost
 10613 | D:9      | Killed a two-headed ogre
 10822 | D:9      | Identified the +7 great sword of Qocil {protect, Str+4 SInv} (You found it on level 9 of the Dungeon)
 10832 | D:10     | Entered Level 10 of the Dungeon
 11040 | D:10     | Noticed a two-headed ogre
 11052 | D:10     | Killed a two-headed ogre
 11614 | D:10     | Found a blossoming altar of Fedhas.
 11928 | D:10     | Noticed a wizard
 11931 | D:10     | Paralysed by a wizard for 5 turns
 11950 | D:10     | Killed a wizard
 11950 | D:10     | Reached skill level 10 in Fighting
 12111 | D:11     | Got an ancient scale mail
 12127 | D:10     | Identified the +1 scale mail of the Garden {rN+ Str+4 Int+2} (You found it on level 11 of the Dungeon)
 12141 | D:11     | Noticed a seven-headed hydra
 12149 | D:11     | Killed a two-headed hydra
 12149 | D:11     | Reached skill level 1 in Long Blades
 12359 | D:11     | Noticed Erolcha
 12361 | D:11     | Noticed a purple ugly thing
 12362 | D:11     | Noticed Sonja
 12379 | D:11     | Noticed Harold
 12685 | D:11     | Noticed a death knight
 12711 | D:11     | Noticed a skeletal warrior
 12711 | D:11     | Noticed a skeletal warrior
 12713 | D:11     | Noticed a phantasmal warrior
 12717 | D:11     | Killed a death knight
 12724 | D:11     | Killed a phantasmal warrior
 12724 | D:11     | Reached XP level 12. HP: 35/97 MP: 6/12
 12855 | D:11     | Killed Sonja
 13055 | D:11     | Killed Harold
 13980 | D:11     | Found a staircase to the Lair.
 14022 | D:11     | Killed Erolcha
 14022 | D:11     | Reached skill level 10 in Armour
 14022 | D:11     | Reached skill level 10 in Dodging
 14445 | D:11     | Found a staircase to the Orcish Mines.
 14729 | D:12     | Reached skill level 5 in Long Blades
 14738 | D:12     | Noticed Elizilla's ghost (journeyman TrMo)
 14752 | D:12     | Killed Elizilla's ghost
 14819 | D:12     | Found an opulent altar of Gozag.
 15040 | D:12     | Found a labyrinth entrance.
 15052 | Lab      | Entered a labyrinth
 15298 | Lab      | Noticed a minotaur
 15307 | Lab      | Killed a minotaur
 15307 | Lab      | Reached XP level 13. HP: 89/103 MP: 11/13
 15310 | Lab      | Got an uncursed translucent bardiche {vamp}
 15310 | Lab      | Got a distressingly furry plate armour
 15344 | D:12     | Identified the cursed +0 plate armour of Idealism {rPois rN+ Int+4} (You took it off a minotaur in a labyrinth)
 15425 | D:12     | Found a portal to a secret trove of treasure.
 16082 | D:13     | Found an iron altar of Okawaru.
 16084 | D:13     | Found Jegocwet's Book Shoppe.
 16167 | D:13     | Bought a +0 pair of gloves of dexterity for 138 gold pieces
 16515 | D:13     | Found a gate to the Vaults.
 17254 | D:14     | Reached skill level 10 in Shields
 18863 | D:15     | Entered Level 15 of the Dungeon
 18891 | D:15     | Found Xosoesso's General Store.
 18898 | D:15     | Bought a scroll of identify for 28 gold pieces
 18898 | D:15     | Bought a scroll of identify for 28 gold pieces
 18898 | D:15     | Bought a potion of agility for 56 gold pieces
 18898 | D:15     | Bought a scroll of fog for 28 gold pieces
 18910 | D:15     | Found Lovof's Antique Armour Shoppe.
 19419 | D:15     | Gained mutation: You are mostly covered in slimy green scales. (AC +3) [demonic ancestry]
 19419 | D:15     | Reached XP level 14. HP: 67/110 MP: 10/14
 19939 | D:15     | Found a staircase to the Depths.
 20636 | D:8      | Bought the ring of the Invisible Beggars {rElec rN+ MR+} for 604 gold pieces
 20731 | D:13     | Bought the scarf "Lutamnuwk" {Str+4 Int+6} for 396 gold pieces
 20781 | Lair:1   | Entered Level 1 of the Lair of Beasts
 21097 | Lair:1   | Noticed Fannar
 21112 | Lair:1   | Killed Fannar
 21925 | Lair:2   | Found a staircase to the Swamp.
 23484 | Lair:4   | Reached XP level 15. HP: 83/115 MP: 14/17
 23708 | Lair:4   | You fall through a shaft for 2 floors!
 23708 | Lair:6   | Entered Level 6 of the Lair of Beasts
 24000 | Lair:6   | Noticed Nessos
 24006 | Lair:6   | Killed Nessos
 24713 | Lair:6   | Got a crude amethyst amulet
 24721 | Lair:6   | Identified the amulet "Elatzuan" {Gourm rElec rPois rN++ Dex-3} (You found it on level 6 of the Lair of Beasts)
 25381 | Lair:6   | Reached skill level 5 in Evocations
 25702 | Lair:5   | Reached skill level 10 in Long Blades
 26788 | Lair:5   | Found a viscous altar of Jiyva.
 26789 | Lair:5   | Found a staircase to the Slime Pits.
 27773 | Lair:4   | Found a hole to the Spider Nest.
 28149 | D:15     | Bought a brightly glowing large shield for 247 gold pieces
 28149 | D:15     | Bought a steaming scarf for 260 gold pieces
 28150 | D:15     | Identified the scarf of Kapric {rF- rC- rCorr Str+9} (You bought it in a shop on level 15 of the Dungeon)
 28151 | D:15     | Identified the +6 large shield "Jobael" {MR+ Str+4} (You bought it in a shop on level 15 of the Dungeon)
 28279 | Orc:1    | Entered Level 1 of the Orcish Mines
 28334 | Orc:2    | Entered Level 2 of the Orcish Mines
 28652 | Orc:1    | You fall through a shaft!
 28980 | D:15     | Bought bloodstained storm dragon scales for 2210 gold pieces
 28990 | D:15     | Identified the +4 storm dragon scales of Untruth {rElec rF+} (You bought it in a shop on level 15 of the Dungeon)
 29236 | Spider:1 | Entered Level 1 of the Spider Nest
 29775 | Spider:2 | Found a frozen archway.
 29787 | IceCv    | Entered an ice cave
 29972 | IceCv    | Gained mutation: You are completely covered in slimy green scales. (AC +4, rPois) [demonic ancestry]
 29972 | IceCv    | Reached XP level 16. HP: 114/122 MP: 18/21
 31197 | IceCv    | Noticed an Ice Fiend
 31205 | IceCv    | Killed an Ice Fiend
 31663 | Spider:2 | Noticed Arachne
 31685 | Spider:2 | Killed Arachne
 32386 | Spider:4 | Entered Level 4 of the Spider Nest
 34554 | Spider:4 | Gained mutation: Your flesh is heat resistant. (rF+) [demonic ancestry]
 34554 | Spider:4 | Reached XP level 17. HP: 37/128 MP: 14/24
 34978 | Spider:3 | Reached skill level 10 in Evocations
 36164 | Spider:4 | Reached skill level 15 in Armour
 37900 | Spider:4 | Got a gossamer rune of Zot
 38960 | D:15     | Bought the +2 cloak of the Eight Runes {rC+ Int+2 Stlth+} for 603 gold pieces
 39168 | Swamp:1  | Entered Level 1 of the Swamp
 39190 | Swamp:1  | Reached skill level 15 in Shields
 39239 | Swamp:2  | Noticed Jorgrun
 39266 | Swamp:1  | Killed Jorgrun
 39714 | Swamp:1  | Noticed Aizul
 39752 | Swamp:1  | Killed Aizul
 39764 | Swamp:1  | HP: 6/128 [poisoned by Aizul (bolt of poison)]
 39769 | Swamp:1  | HP: 5/128 [poisoned by Aizul (bolt of poison)]
 39776 | Swamp:1  | HP: 5/128 [poisoned by Aizul (bolt of poison)]
 39781 | Swamp:1  | HP: 5/128 [poisoned by Aizul (bolt of poison)]
 39787 | Swamp:1  | HP: 5/128 [poisoned by Aizul (bolt of poison)]
 39793 | Swamp:1  | HP: 5/128 [poisoned by Aizul (bolt of poison)]
 39799 | Swamp:1  | HP: 5/128 [poisoned by Aizul (bolt of poison)]
 40333 | Swamp:2  | Noticed Nikola
 40360 | Swamp:2  | Killed Nikola
 40677 | Swamp:3  | Noticed Louise
 40900 | Swamp:2  | Killed Louise
 40900 | Swamp:2  | Gained mutation: When low on magic, you restore magic in place of health. [demonic ancestry]
 40900 | Swamp:2  | Reached XP level 18. HP: 124/136 MP: 26/26
 41462 | Swamp:4  | Entered Level 4 of the Swamp
 42235 | Swamp:4  | Noticed the 27-headed Lernaean hydra
 42251 | Swamp:4  | Killed the 21-headed Lernaean hydra
 42653 | Swamp:4  | Got a decaying rune of Zot
 43010 | D:15     | Bought a pair of embroidered boots for 277 gold pieces
 43054 | Depths:1 | Entered Level 1 of the Depths
 43336 | Depths:1 | Noticed Asterion
 43365 | Depths:1 | Killed Asterion
 44394 | Depths:1 | Found a gateway to Hell.
 45358 | Depths:2 | Gained mutation: You sometimes gain power by taking damage. [demonic ancestry]
 45358 | Depths:2 | Reached XP level 19. HP: 133/146 MP: 24/27
 46109 | Depths:2 | Identified Upnay's Collected Works on Air
 46112 | Depths:2 | Identified the Disquisition on the Birds
 47374 | Depths:3 | Found Fuokin's Armour Shop.
 47516 | Depths:4 | Noticed Jory
 47542 | Depths:4 | Killed Jory
 47547 | Depths:4 | HP: 6/148 [balrug/divine providence[a lich] (8)]
 47557 | Depths:4 | Hit by a large rock thrown by a stone giant

Skill      XL: |  1  2  3  4  5  6  7  8  9 10 11 12 13 14 15 16 17 18 |
---------------+-------------------------------------------------------+-----
Dodging        | 2 3 4 5 7 8 9 10 11 12 13 | 13.9
Armour         | 2 3 4 5 7 8 9 10 11 12 13 14 15 16 | 16.7
Fighting       | 3 4 5 6 7 9 10 12 | 12.8
Shields        | 1 3 5 6 8 9 10 11 12 14 15 16 | 16.4
Long Blades    | 2 5 7 9 10 | 10.2
Evocations     | 3 7 9 11 | 11.2
Maces & Flails | |  1.7
Stealth        | |  2.6

Action                   |  1- 3 |  4- 6 |  7- 9 | 10-12 | 13-15 | 16-18 | 19-21 || total
-------------------------+-------+-------+-------+-------+-------+-------+-------++-------
Melee: Mace              |   124 |       |       |       |       |       |       ||   124
       Headbutt          |    13 |    26 |   127 |   230 |   613 |   714 |   157 ||  1880
       Quarterstaff      |       |    35 |     8 |       |       |       |       ||    43
       Dagger            |       |   118 |   409 |   329 |       |       |       ||   856
       Scimitar          |       |       |       |   346 |  1494 |  1825 |   391 ||  4056
       Short sword       |       |       |       |    48 |    20 |       |       ||    68
 Fire: Blowgun           |       |       |       |     3 |     7 |       |       ||    10
       Hand crossbow     |       |       |       |     2 |     2 |       |       ||     4
Invok: Call Merchant     |       |       |       |     1 |     3 |     2 |     1 ||     7
       Potion Petition   |       |       |       |     1 |       |     1 |     1 ||     3
Evoke: Wand              |       |     5 |     2 |    12 |    21 |    48 |     4 ||    92
       Sack of spiders   |       |       |       |       |     3 |       |     2 ||     5
       Phial of floods   |       |       |       |       |       |     1 |     1 ||     2
  Use: Scroll            |     3 |     9 |     5 |    19 |    21 |    15 |     3 ||    75
       Potion            |       |       |     1 |    11 |     8 |    12 |     1 ||    33
 Stab: Invisible         |     1 |       |       |     4 |       |    10 |       ||    15
       Distracted        |       |       |     2 |     3 |    19 |    20 |     4 ||    48
       Sleeping          |       |       |     2 |     1 |     1 |       |       ||     4
       Confused          |       |       |       |       |     8 |     1 |       ||     9
       Petrified         |       |       |       |       |     2 |       |       ||     2
       Paralysed         |       |       |       |       |       |     1 |       ||     1
  Eat: Chunk             |     1 |     4 |     1 |       |       |       |       ||     6
       Royal jelly       |       |     2 |       |     1 |     4 |     4 |     1 ||    12
       Fruit             |       |    10 |       |     4 |     9 |     7 |       ||    30
       Bread ration      |       |       |     1 |     5 |     8 |     7 |       ||    21
       Meat ration       |       |       |       |       |       |     1 |     2 ||     3
Armor: Scale mail        |    65 |    83 |   222 |   238 |    97 |       |       ||   705
       Plate armour      |       |       |       |       |   378 |   816 |       ||  1194
       Storm dragon scal |       |       |       |       |       |   338 |   139 ||   477
Dodge: Dodged            |    64 |    73 |   251 |   387 |   732 |  1072 |   205 ||  2784
Block: Shield            |       |       |   226 |   619 |  1211 |  1940 |   339 ||  4335
       Reflection        |       |       |       |    17 |    27 |    48 |    15 ||   107
       Rpst.: Scimitar   |       |       |       |    49 |   199 |   189 |    41 ||   478
